AoeStats
← Aqualava

Hideout

513747653Analyzed
2v2 RM · 3d ago on Oct 15, 2026· 84m 53s· 4 players
Game mode
Random Map
Map size
Medium (4 player)
Population
200
Speed
Normal
Resources
Standard
Victory
Conquest
Starting age
Dark Age
Ending age
Imperial Age
RankedLock teamsTeams togetherTeam positionsShared explorationLock speedFull tech treeHidden civsTurbo modeCheats
Victory
Defeat
🇧🇴 Spanish · Bolivia
1133
+15
🇧🇴 Aztecs · Bolivia
1111
+16
vs
🇨🇦 Ethiopians · Canada
1121
-16
🇺🇸 Koreans · United States
1117
-15
Phoenix0nPhire
4:48 Loom
10:13 Feudal Age
12:11 Double-Bit Axe
16:44 Castle Age
14:36 Gold Mining
16:28 Horse Collar
18:10 Fletching
18:32 Bow Saw
19:27 Wheelbarrow
20:38 Crossbowman
25:32 Hand Cart
25:21 Town Watch
25:40 Stone Mining
26:13 Elite Skirmisher
27:27 Husbandry
27:51 Town Watch
28:35 Murder Holes
31:14 Gold Shaft Mining
33:36 Imperial Age
32:00 Thumb Ring
31:53 Bodkin Arrow
33:32 Heavy Plow
34:17 Forging
34:48 Guilds
35:49 Chemistry
35:52 Conscription
36:54 Bracer
36:55 Scale Mail Armor
36:38 Pikeman
37:57 Capped Ram
38:53 Eupseong
39:21 Ballistics
38:46 Arrowslits
38:59 Elite Fire Lancer
40:57 Scale Barding Armor
41:08 Chain Mail Armor
41:34 Iron Casting
41:40 Town Patrol
42:45 Two-Man Saw
43:46 Plate Mail Armor
42:40 Halberdier
43:21 Squires
43:05 Treadmill Crane
43:20 Arson
46:51 Cavalier
47:01 Cavalier
47:58 Masonry
47:26 Man-at-Arms
49:09 Guilds
50:17 Chain Barding Armor
50:01 Husbandry
49:22 Light Cavalry
50:15 Fortified Wall
50:36 Architecture
50:11 Siege Engineers
50:44 Long Swordsman
52:05 Elite War Wagon
53:07 Shinkichon
54:37 Two-Handed Swordsman
56:28 Sanctity
56:08 Devotion
58:11 Champion
58:20 Arbalester
59:39 Heavy Rocket Cart
63:43 Hussar
72:35 Fervor
Barnico
4:35 Loom
10:46 Feudal Age
11:12 Double-Bit Axe
16:55 Castle Age
15:41 Stone Mining
20:02 Gold Mining
21:17 Bow Saw
22:07 Scale Mail Armor
23:14 Forging
23:41 Horse Collar
30:53 Imperial Age
29:00 Town Watch
30:03 Wheelbarrow
37:49 Crossbowman
38:34 Thumb Ring
38:34 Padded Archer Armor
38:24 Fletching
40:48 Thumb Ring
42:11 Leather Archer Armor
41:52 Bodkin Arrow
42:53 Gold Shaft Mining
43:08 Ballistics
43:34 Bodkin Arrow
44:08 Hand Cart
44:29 Arbalester
46:55 Chemistry
46:52 Ring Archer Armor
57:47 Elite Skirmisher
65:10 Chain Mail Armor
65:31 Iron Casting
68:51 Halberdier
69:31 Squires
71:54 Bracer
72:55 Blast Furnace
72:28 Plate Mail Armor
73:07 Two-Man Saw
74:54 Scale Barding Armor
74:30 Light Cavalry
80:14 Chain Barding Armor
Aqualava
3:26 Loom
11:26 Feudal Age
16:43 Castle Age
15:20 Double-Bit Axe
15:35 Horse Collar
19:29 Fervor
19:40 Sanctity
23:19 Redemption
23:55 Bow Saw
26:12 Heavy Plow
26:57 Wheelbarrow
28:36 Forging
29:14 Scale Mail Armor
31:44 Iron Casting
31:24 Chain Mail Armor
33:34 Squires
33:20 Arson
36:16 Imperial Age
33:19 Pikeman
37:34 Gold Mining
38:02 Hand Cart
37:37 Town Watch
39:26 Gold Shaft Mining
40:08 Blast Furnace
39:46 Plate Mail Armor
40:12 Crop Rotation
40:34 Conscription
40:01 Capped Ram
41:54 Garland Wars
42:02 Elite Jaguar Warrior
47:06 Fletching
47:16 Padded Archer Armor
48:34 Chemistry
47:55 Ballistics
49:04 Bodkin Arrow
49:25 Leather Archer Armor
48:33 Elite Skirmisher
49:36 Atlatl
50:25 Bracer
55:57 Town Patrol
56:09 Murder Holes
68:21 Siege Ram
Fanto
9:23 Loom
13:17 Feudal Age
17:21 Castle Age
16:23 Horse Collar
16:29 Double-Bit Axe
18:25 Bow Saw
18:26 Heavy Plow
20:05 Bow Saw
23:57 Wheelbarrow
28:34 Gold Mining
35:12 Imperial Age
34:47 Forging
34:37 Scale Mail Armor
35:40 Hand Cart
36:56 Iron Casting
36:36 Chain Mail Armor
39:17 Light Cavalry
40:09 Bloodlines
40:32 Plate Mail Armor
41:04 Blast Furnace
40:35 Plate Mail Armor
40:13 Scale Barding Armor
40:51 Stone Mining
42:50 Chain Barding Armor
43:45 Town Watch
45:24 Chemistry
44:37 Man-at-Arms
44:57 Hussar
46:57 Long Swordsman
47:44 Two-Handed Swordsman
48:47 Champion
51:13 Two-Man Saw
60:41 Arson
67:00 Plate Barding Armor
69:21 Caravan
Connection lost

Rejoining the realm…

Still unreachable

The connection could not be restored.

Session expired

The server has moved on; the page needs a fresh start.